Cogmind - Beta 16 @@@ ROGUE MODE // 2026.01.04 @ 01:14:05 Player: leto Result: Destroyed by S-10 Pest with Light Assault Rifle Performance ------------- Evolutions (1) 500 Regions Visited (3) 600 Robots Destroyed (31) 155 Value Destroyed (729) 729 Prototype IDs (1) 20 Alien Tech Used (0) 0 Bonus (-29) -29 TOTAL SCORE: 1975 Bonus ------- Friendly Fire -29 Cogmind --------- Core Integrity 0/400 Matter 300/300 Energy 265/265 System Corruption 0% Temperature Cool (0) Movement Core (1700) Ox33 Location -9/Materials Parts ------- > --- POWER (1) -------- Reinforced Ion Engine > --- PROPULSION (3) --- (None) > --- UTILITY (3) ------ Medium Storage Unit Huge Storage Unit Transport Network Coupler > --- WEAPON (2) ------- Katana > --- INVENTORY (25) --- Improved Ion Engine Reinforced Ion Engine Reinforced Ion Engine Heavy Ion Engine Light Treads Melee Analysis Suite Utility Shielding Utility Shielding Weapon Shielding Weapon Shielding Recalibrator Beam Cannon Peak State ------------ > --- POWER ------------ Reinforced Ion Engine > --- PROPULSION ------- Light Treads Wheel Wheel > --- UTILITY ---------- Medium Storage Unit Huge Storage Unit Transport Network Coupler > --- WEAPON ----------- Beam Cannon Katana > --- INVENTORY -------- Improved Ion Engine Reinforced Ion Engine Reinforced Ion Engine Heavy Ion Engine Light Treads Melee Analysis Suite Utility Shielding Utility Shielding Weapon Shielding Weapon Shielding Recalibrator Beam Cannon [Rating: 14] Favorites ----------- Power Reinforced Ion Engine Engine Reinforced Ion Engine Propulsion Light Treads Treads Light Treads Wheel Wheel Utility Medium Storage Unit Storage Medium Storage Unit Processor Transport Network Coupler Protection Light Armor Plating Weapon EM Pulse Gun Energy Gun EM Pulse Gun Energy Cannon Beam Cannon Ballistic Gun Light Assault Rifle Slashing Weapon Katana Build | -11 -10 -10 -9 ------- Run | Yrd Mat Min Mat Slots Evolved 2 | . . . 2 Power . | . . . . Propulsion 1 | . . . 1 Utility 1 | . . . 1 Weapon . | . . . . Parts Attached 22 | 5 7 . 10 Power 4 | 1 1 . 2 Engine 4 | 1 1 . 2 Core . | . . . . Reactor . | . . . . Propulsion 6 | 1 1 . 4 Treads 4 | 1 1 . 2 Leg . | . . . . Wheel 2 | . . . 2 Hover . | . . . . Flight . | . . . . Utility 6 | 1 4 . 1 Device . | . . . . Storage 4 | 1 3 . . Processor 1 | . . . 1 Hackware . | . . . . Protection 1 | . 1 . . Artifact . | . . . . Weapon 6 | 2 1 . 3 Energy Gun 2 | 1 1 . . Energy Cannon 1 | . . . 1 Ballistic Gun 2 | 1 . . 1 Ballistic Cannon . | . . . . Launcher . | . . . . Special Weapon . | . . . . Impact Weapon . | . . . . Slashing Weapon 1 | . . . 1 Piercing Weapon . | . . . . Special Melee Weapon . | . . . . Unidentified Prototypes 1 | . . . 1 Parts Lost 10 | . . . 10 Power 1 | . . . 1 Propulsion 6 | . . . 6 Utility . | . . . . Weapon 3 | . . . 3 Highest Loss Streak 4 | . . . 4 To Critical Strikes . | . . . . Average Backups 9 | 1 8 11 10 Power 2 | . 1 3 3 Propulsion 2 | 1 3 3 1 Utility 4 | . 3 5 4 Weapon . | . . . . Tool/Special . | . . . . Unused Backups 16 | . 4 . 12 Power 5 | . 1 . 4 Propulsion 4 | . 3 . 1 Utility 6 | . . . 6 Weapon 1 | . . . 1 Tool/Special . | . . . . Average Slot Usage (%) 92 | . 90 100 90 Engine 13 | . 14 14 10 Treads 23 | . 23 28 21 Wheel 1 | . . . 6 Storage 24 | . 22 28 22 Processor 2 | . . . 10 Energy Gun 19 | . 19 28 9 Ballistic Gun 5 | . 8 . 3 Peak Build Rating 14 | 5 9 9 14 Average Rating 8 | 4 7 9 10 On Entrance 5 | . 5 9 9 Avg Prop Armor Cover (%) 14 | . . . 14 Naked Turns . | . . . . Heaviest Build 106 | 13 104 104 106 Greatest Support 60 | 20 40 40 60 Greatest Overweight (x) 33 | 4 2 2 33 Average Overweight (x) . | . . 2 2 Largest Inventory Capacity 25 | 8 25 25 25 Average Capacity 17 | 7 11 25 25 Most Carried 12 | 3 11 11 12 Average Carried 9 | 1 8 11 10 Final Capacity 25 | 8 25 25 25 Final Carried 12 | 3 11 11 12 Class Distribution -------------------- 100% | Mutant Dominant Class ---------------- Mutant | -10/Materials Mutant | -10/Mines Mutant | -9/Materials Resources | -11 -10 -10 -9 ----------- Run | Yrd Mat Min Mat Matter Collected 654 | 224 126 10 294 Remotely . | . . . . Salvage Created 1171 | 71 384 . 716 Parts 62 | 1 19 . 42 Haulers Intercepted 3 | . 2 . 1 Recyclers Shooed . | . . . . Parts Field Recycled . | . . . . Retrieved Matter . | . . . . Parts Self-Destructed . | . . . . Prevented . | . . . . Parts Restored . | . . . . Kills | -11 -10 -10 -9 ------- Run | Yrd Mat Min Mat Combat Hostiles Destroyed 21 | . 6 . 15 Guns 16 | . 6 . 10 Cannons 4 | . . . 4 Classes Destroyed 10 | 1 3 . 6 Worker 1 | . . . 1 Hauler 3 | . 2 . 1 Recycler 1 | 1 . . . Mechanic 1 | . . . 1 Operator 1 | . . . 1 Watcher 3 | . 1 . 2 Swarmer 6 | . . . 6 Grunt 11 | . 6 . 5 Duelist 1 | . . . 1 Sentry 3 | . . . 3 Best Kill Streak 6 | 1 3 . 6 Combat Bots Only 4 | . 2 . 4 Max Kills in Single Turn 1 | 1 1 . 1 Gunslinging . | . . . . Exploded . | . . . . Melee . | . . . . Uniques/NPCs Destroyed . | . . . . Combat | -11 -10 -10 -9 -------- Run | Yrd Mat Min Mat Hostile Shots Fired 203 | . 15 . 188 Missed 51 | . 3 . 48 Hits 152 | . 12 . 140 Melee 9 | . . . 9 Projectile 143 | . 12 . 131 Critical Strikes 4 | . . . 4 Damage Taken 1793 | . 137 . 1656 Core 451 | . 46 . 405 Absorbed by Shields . | . . . . Core Remaining (%) 90 | 100 . 81 . Volleys Fired 126 | 1 34 . 91 Largest 2 | 2 2 . 2 Hottest 83 | 60 80 . 83 Shots Fired 192 | 2 69 . 121 Gun 168 | 2 69 . 97 Cannon 24 | . . . 24 Launcher . | . . . . Special . | . . . . Kinetic 81 | 1 26 . 54 Thermal 24 | . . . 24 Explosive . | . . . . Electromagnetic 87 | 1 43 . 43 Robot Hit Streak 9 | 1 8 . 9 Robot Miss Streak 5 | . 4 . 5 Penetration Max . | . . . . Secondary Targets 4 | . . . 4 Max Gunslinging Chain 1 | . . . 1 Shots Hit Robots 101 | 1 29 . 71 Core Hits 43 | 1 14 . 28 Critical Kills . | . . . . Critical Parts Destroyed . | . . . . Critical Strikes 2 | . 1 . 1 Corrupt 2 | . 1 . 1 Melee Attacks 3 | . . . 3 Impact . | . . . . Slashing 3 | . . . 3 Piercing . | . . . . Sneak Attacks 3 | . . . 3 Combat Hostiles . | . . . . Follow-up Attacks . | . . . . Damage Inflicted 1872 | 15 422 22 1413 Guns 1275 | 15 398 . 862 Cannons 261 | . . . 261 Explosions 61 | . . . 61 Melee 223 | . . . 223 Ramming 52 | . 24 22 6 Kinetic 604 | . 85 . 519 Thermal 322 | . . . 322 Explosive . | . . . . Electromagnetic 671 | 15 313 . 343 Impact . | . . . . Slashing 223 | . . . 223 Piercing . | . . . . Highest Corruption 2 | . 2 2 . Average Corruption 2 | . 2 2 . Corruption Purged . | . . . . Corruption Blocked . | . . . . Effects 16 | . 9 7 . Message Errors 3 | . 2 1 . Matter Fused 5 | . 1 4 . Heat Flow Errors 4 | . 3 1 . Energy Discharges 1 | . 1 . . Data Loss (minor) 1 | . 1 . . Misfires 1 | . 1 . . Alerts 1 | . . 1 . Overload Shots . | . . . . Overflow Damage 117 | . . . 117 Projectiles . | . . . . Explosions 14 | . . . 14 Melee 103 | . . . 103 Knockbacks . | . . . . Impact . | . . . . Kinetic . | . . . . Secondary . | . . . . Self-Inflicted Damage 25 | . . . 25 Shots 1 | . . . 1 Rammed 7 | . 4 2 1 Targets Rammed 7 | . 4 2 1 Kicked . | . . . . Crushed . | . . . . Highest Temperature 462 | 20 206 119 462 Average Temperature 103 | 10 58 63 139 Received Heat Transfer 384 | . 72 . 312 Effects 3 | . . . 3 Energy Bleed 1 | . . . 1 Matter Decay 1 | . . . 1 Damage (minor) 1 | . . . 1 Siege Activations . | . . . . Martial Activations . | . . . . Shielding Activations . | . . . . Robots Disrupted . | . . . . Combat Hostiles . | . . . . Robots Corrupted 1 | . . . 1 Combat Hostiles 1 | . . . 1 Parts Fried 2 | . . . 2 Impact Corruptions . | . . . . Robots Melted . | . . . . Combat Hostiles . | . . . . Parts Melted 1 | . 1 . . Heat Transferred 655 | . . . 655 Parts Sabotaged . | . . . . Parts Stolen . | . . . . Parts Stripped . | . . . . Power Chain Reactions 2 | . . . 2 Alert | -11 -10 -10 -9 ------- Run | Yrd Mat Min Mat Maximum Alert Level 1 | . . . 1 Low Security (%) 95 | 100 100 100 81 Level 1 4 | . . . 18 Level 2 . | . . . . Level 3 . | . . . . Level 4 . | . . . . Level 5 . | . . . . High Security . | . . . . Max Security . | . . . . Peak Influence 255 | 5 51 . 255 Initial . | . . . . Average 29 | . 6 . 122 Influence Increases 669 | 5 185 . 479 Destroy 0b10 Robot/C 420 | . 120 . 300 Destroy 0b10 Robot/NC 50 | 5 15 . 30 Destroy Leader 112 | . 26 . 86 Successful Hack 24 | . 24 . . Disable Machine 15 | . . . 15 Destroy Structure 3 | . . . 3 Lose Combat Pursuer 45 | . . . 45 Influence Decreases 489 | 5 185 . 299 Time Decay 349 | 5 145 . 199 Lost Part 100 | . . . 100 Purge Threat 40 | . 40 . . Squads Dispatched 5 | . 3 . 2 Investigation 3 | . 3 . . Extermination . | . . . . Reinforcement 2 | . . . 2 Assault . | . . . . Garrison . | . . . . Intercept . | . . . . Searches Triggered . | . . . . Construction Impeded . | . . . . Haulers Reinforced . | . . . . Active Scanning Responses . | . . . . Cargo Convoy Interrupts . | . . . . Stealth | -11 -10 -10 -9 --------- Run | Yrd Mat Min Mat Distress Signals 3 | . 2 . 1 Communications Jammed . | . . . . Distress Signals . | . . . . Times Spotted 35 | . 9 . 26 Peak Tracking Total 5 | . 2 . 5 Tactical Retreats 2 | . . . 2 Traps | -11 -10 -10 -9 ------- Run | Yrd Mat Min Mat Traps Triggered 2 | . 2 . . Indirectly . | . . . . Trap Hack Attempts . | . . . . Triggered . | . . . . Disarmed . | . . . . Reprogrammed . | . . . . Reused . | . . . . Traps Extracted . | . . . . Installed . | . . . . Triggered . | . . . . Machines | -11 -10 -10 -9 ---------- Run | Yrd Mat Min Mat Machines Disabled 1 | . . . 1 Max in Single Turn 1 | . . . 1 Machines Repaired . | . . . . Machines Dismantled . | . . . . Machines Sabotaged . | . . . . Overloaded Fab Kills . | . . . . Hacking | -11 -10 -10 -9 --------- Run | Yrd Mat Min Mat Machines Accessed 8 | . 6 . 2 Terminals 8 | . 6 . 2 Fabricators . | . . . . Repair Stations . | . . . . Recycling Units . | . . . . Scanalyzers . | . . . . Garrison Access . | . . . . Total Hacks 21 | . 14 . 7 Successful 9 | . 7 . 2 Failed 12 | . 7 . 5 Catastrophic . | . . . . Database Lockouts . | . . . . Manual 21 | . 14 . 7 Terminals 21 | . 14 . 7 Fabricators . | . . . . Repair Stations . | . . . . Recycling Units . | . . . . Scanalyzers . | . . . . Garrison Access . | . . . . Terminal Hacks 1 | . 1 . . Unreport Threat 1 | . 1 . . Fabricator Hacks . | . . . . Repair Station Hacks . | . . . . Recycling Unit Hacks . | . . . . Scanalyzer . | . . . . Garrison Access Hacks . | . . . . Unauthorized Hacks 8 | . 6 . 2 Terminals 8 | . 6 . 2 Botnet 7 | . 5 . 2 Operators 1 | . 1 . . Fabricators . | . . . . Repair Stations . | . . . . Recycling Units . | . . . . Scanalyzers . | . . . . Garrison Access . | . . . . Data Cores Recovered . | . . . . Used . | . . . . Hacking Detections 6 | . 4 . 2 Full Trace Events 2 | . 2 . . Feedback Events . | . . . . Feedback Blocked . | . . . . Robot Schematics Acquired . | . . . . Robots Built . | . . . . Authchips . | . . . . Time . | . . . . Total Robot Build Rating . | . . . . Part Schematics Acquired . | . . . . Parts Built . | . . . . Authchips . | . . . . Time . | . . . . Total Part Build Rating . | . . . . Part Studies Acquired . | . . . . Parts Repaired . | . . . . Time . | . . . . Parts Recycled . | . . . . Recycled Matter . | . . . . Retrieved Matter . | . . . . Retrieved Components . | . . . . Parts Scanalyzed . | . . . . Part Schematics Acquired . | . . . . Parts Damaged . | . . . . Bothacking | -11 -10 -10 -9 ------------ Run | Yrd Mat Min Mat Used RIF Installer . | . . . . Robots Hacked . | . . . . Non-combat . | . . . . Combat . | . . . . Robot Hacks Applied . | . . . . Relay Couplers Released . | . . . . Fabnet Peak Effective % . | . . . . Robots Rewired . | . . . . Allies Hacked . | . . . . Hacks Repelled . | . . . . Allies | -11 -10 -10 -9 -------- Run | Yrd Mat Min Mat Total Allies . | . . . . Largest Group . | . . . . Highest-Rated Group . | . . . . Highest-Rated Ally . | . . . . Total Orders . | . . . . Ally Attacks . | . . . . Total Damage . | . . . . Kills . | . . . . Allies Corrupted . | . . . . Allies Melted . | . . . . Intel | -11 -10 -10 -9 ------- Run | Yrd Mat Min Mat Active Infowar (turns) 566 | . . . 566 T.N.C. 566 | . . . 566 Robot Analysis Total . | . . . . Derelict Logs Recovered . | . . . . Drone Launches . | . . . . Drone Recoveries . | . . . . Exploration | -11 -10 -10 -9 ------------- Run | Yrd Mat Min Mat Turns Passed 2614 | 81 1310 656 567 Spaces Moved 1024 | 43 636 204 141 Core 19 | 18 . . 1 Treads 949 | 25 636 204 84 Legs . | . . . . Wheels 56 | . . . 56 Hover . | . . . . Flight . | . . . . Fastest Speed 50 | 50 160 320 140 Average Speed 210 | 159 175 320 224 Slowest Speed 1700 | 250 320 320 1700 Overloaded Moves . | . . . . Propulsion Burnouts . | . . . . Robots Hopped . | . . . . Potential Cave-ins . | . . . . Cave-ins Triggered . | . . . . Exploration Rate (%) 45 | 4 96 60 22 Regions Visited 3 Branch Regions 1 Pre-discovered Areas . | . . . . Known Exits Taken . | . . . . Unknown Exits Taken 3 | 1 1 1 . Scrap Searched 1 | . . 1 . Spaces Dug . | . . . . Terrain Destroyed 3 | . . . 3 Melee . | . . . . Projectile . | . . . . AOE 3 | . . . 3 Terrain Rammed . | . . . . Walls Destroyed . | . . . . Machines Disabled . | . . . . Actions | -11 -10 -10 -9 --------- Run | Yrd Mat Min Mat Total 1291 | 51 770 205 265 Wait 73 | . 66 . 7 Move 1021 | 42 635 203 141 Hop . | . . . . Pick Up 25 | 3 14 . 8 Fast Attach 11 | 5 2 . 4 Attach 8 | . 1 . 7 Detach . | . . . . Swap 6 | . 5 . 1 Drop 11 | . 9 . 2 Fire 126 | 1 34 . 91 Melee 3 | . . . 3 Ram . | . . . . Kick . | . . . . Crush 7 | . 4 2 1 Escape Stasis . | . . . . Rewire . | . . . . Trap . | . . . . Miscellaneous . | . . . . Route ------- -11/Scrapyard -10/Materials (discovered 5 exits: *Mat x3 / [*Min x2]) -10/Mines -9/Materials (discovered 1 exit: [*Min]) History --------- Turn | Location | Event 2 | -11/Scrapyard | Met Revision 17 47 | -11/Scrapyard | Discovered new exit (range 14) 82 | -11/Scrapyard | Entered Materials 83 | -10/Materials | Met a group of wandering Federalists 140 | -10/Materials | Discovered new exit (range 14) 199 | -10/Materials | Discovered new exit (range 8) 311 | -10/Materials | Build established: Mutant 335 | -10/Materials | Discovered new exit (range 8) 527 | -10/Materials | Discovered new exit (range 16) 887 | -10/Materials | Discovered new exit (range 15) 1392 | -10/Materials | Entered Mines 1604 | -10/Mines | A weapon hastily lodged in a ceiling crevice suddenly fell to the ground 2023 | -10/Mines | Discovered new exit (range 9) 2048 | -10/Mines | Entered Materials 2048 | -9/Materials | Evolved 2 slots: Propulsion x1, Utility x1 2439 | -9/Materials | Lost 3 parts (3n) 2471 | -9/Materials | Core integrity fell below 50% 2496 | -9/Materials | Core integrity fell below 20% 2593 | -9/Materials | Discovered new exit (range 16) 2615 | -9/Materials | Destroyed by S-10 Pest with Light Assault Rifle Last Messages --------------- >>Trojan(Botnet) Trojan loaded successfully. Testing... Terminal linked with 1 system. Awaiting botnet instructions. Sneak attack on O-16 Technician. Destroyed Lgt. Ion Engine. Destroyed Hover Unit. O-16 Technician destroyed. K-01 Serf collects debris. Beam Cannon destroyed. EXIT=FOUND K-01 Serf collects debris. Wheel destroyed. K-01 Serf collects debris. Wheel destroyed. K-01 Serf collects debris. Lgt. Treads destroyed. K-01 Serf collects debris. M-13 Machinist repairs S-10 Pest. Map ----- +----------------------------------------------------+ | ?????????????????????????????????????????????????? | | ?????????????????????????????????????????????????? | | ?????????????????????????????????????????????????? | | ?????????????????????????????????????????????????? | | ?????????????????????????????????????????????????? | | ?????????????????????????????????????????????????? | | ?????????????????????????????????????????????????? | | ??????????????????? ???????????????????????????? | | ??????????????????? #??????????????????????????? | | ??????????????????? #??????????????????????????? | | ??????????????????? #??????????????????????????? | | ??????????????????? #??????????????????????????? | | ################### ##?????????????????????????? | | a #?????????????????????????? | | % #?????????????????????????? | | [[[ #?????????????????????????? | | % [[ #?????????????????????????? | | %% %% [[ #?????????????????????????? | | ##### k #????????????????????????????? | | ####" #?#######?????####???????????? | | #??#T ### ##### ??????????? | | #??#" ]] % u r ^ ??????????? | | +##### ] ] / ss a ?????????? | | # %]] ks ???????????? | | # #############ms #####????????????????? | | # %# #??###@###????????????????????? | | % # % #[ #??? ?????????????????????? | | # # #?# """ !???????????????????? | | [ # ! +% #?# """ #?????????????????? | | %* # %# #?# """r!! ##?????????????????? | | #^ ^^# #?# ]! #??????????????????? | | ###### ^ # #?# " " ]! /??????????????????? | | # #?# "R" ##?????????????????? | | # #????"? [ #??????????????????? | | #######+##?????? #??????????????????? | | ###########?????? #???????#+###??????????????????? | | #########?????????#???????? #????????????????????? | | ] #?????????????????? #????????????????????? | | #????????????????????????????????????????? | | #????????????????????????????????????????? | | ! #????????????????????????????????????????? | | """ #????????????????????????????????????????? | | """ #????????????????????????????????????????? | | """ ??????????????????????????????????????????? | | ######???????????????????????????????????????????? | | #???????????????????????????????????????????? | | #???????????a???????????????????????????????? | | #???????????????????????????????????????????? | | #???????????????????????????????????????????? | | """ #???????????????????????????????????????????? | +----------------------------------------------------+ Best States ------------- Heat Dissipation 28 Energy Generation 12 Energy Capacity 265 Matter Stores 300 Matter Capacity 300 Sight Range 16 Terrain Scan Density 10 Armor Coverage 150 Evasion (%) 40 Recoil Reduction 3 Item Schematics ----------------- None Robot Schematics ------------------ None Fabricated ------------ Nothing Repaired ---------- Nothing Studied --------- None Alien Tech Used ----------------- None Achievements -------------- You Again Challenges ------------ None Game ------ Seed ShrapnelMeleeImmobilizer Manual? 0 Play Time 00:18:16 Cumulative 3.4 hours Start 2026.01.04 @ 00:53:24 End 2026.01.04 @ 01:14:05 Sessions 1 Manual Loads 0 Difficulty Rogue Special Mode None Game No. 6 Rogue 6 Adventurer 0 Explorer 0 Win Type - Total 0 Types 0/0/0/0/0/0/0/0/0/0 Lore% 2 Gallery% 8 Achievement% 9 Wizard Run 0 Options --------- Layout 1 ASCII 0 Keyboard 1 Movement Vi Keybinds 0 Fullscreen 1 Font 24/Smallcaps Map View 50x35 Zoom Use 0% Tactical HUD 0 Map Filters NONE Filters NONE Steam 1 RUN: 7c84d6a6-0900-4c2e-ab8b-fa9e5297e17b